 Dungeon Crawl Stone Soup version 0.29-a0-1047-g7c58e119a4 (webtiles) character file.

Game seed: 3013564348412436245

889 polve the Chopper (level 7, -2/53 HPs)
             Began as a Demonspawn Abyssal Knight on Aug 16, 2022.
             Was a Priest of Lugonu.
             Slain by a sky beast (5 damage)
             ... on level 6 of the Dungeon.
             The game lasted 00:08:36 (7846 turns).

polve the Chopper (Demonspawn Abyssal Knight)       Turns: 7846, Time: 00:08:37

Health: -2/53      AC:  7    Str: 14    XL:     7   Next: 77%
Magic:  11/11      EV: 10    Int: 10    God:    Lugonu [***...]
Gold:   306        SH:  0    Dex: 18    Spells: 10/12 levels left

rFire   . . .      SeeInvis .   a - +1 hand axe
rCold   . . .      Faith    .   (no shield)
rNeg    . . .      Spirit   .   i - +0 ring mail
rPois   .          Reflect  .   (no helmet)
rElec   .          Harm     .   (no cloak)
rCorr   .          Rampage  .   (no gloves)
Will    .....                   o - +0 pair of boots
Stlth   ..........              (no amulet)
HPRegen 0.17/turn               (no ring)
MPRegen 0.12/turn               (no ring)

@: confused, ambrosia-drunk
A: hooves 2, rugged brown scales 1, ignite blood 1, powered by pain 1, agile 1,
wild magic 1
a: Renounce Religion, Depart the Abyss, Bend Space, Banish


You were on level 6 of the Dungeon.
You worshipped Lugonu.
Lugonu was most pleased with you.
You visited 1 branch of the dungeon, and saw 6 of its levels.
You visited the Abyss 1 time.

You collected 306 gold pieces.

Inventory:

Hand Weapons
 a - a +1 hand axe (weapon)
Armour
 b - a +0 leather armour
 i - a +0 ring mail (worn)
 o - a +0 pair of boots (worn)
Jewellery
 g - a +6 ring of dexterity
Wands
 k - a wand of roots (12)
 p - a wand of charming (5)
 r - a wand of flame (14)
Scrolls
 c - a scroll of torment {unknown}
 d - 4 scrolls of teleportation {unknown}
 f - a scroll of fear {unknown}
 h - 5 scrolls of identify {unknown}
 j - a scroll of butterflies {unknown}
 m - a scroll of acquirement {unknown}
 n - a scroll of magic mapping {unknown}
 q - 2 scrolls of poison {unknown}
 s - a scroll of enchant weapon {unknown}
Potions
 l - 4 potions of brilliance


   Skills:
 - Level 3.0 Fighting
 - Level 6.2 Axes
 - Level 1.7 Armour
 - Level 0.8 Dodging
 - Level 3.0 Spellcasting
 + Level 4.0 Transmutations
 - Level 2.4 Invocations


You had 10 spell levels left.
You knew the following spells:

 Your Spells              Type           Power      Damage    Failure   Level
z - Wereblood             Tmut           12%        N/A       22%         2

Your spell library contained the following spells:

 Spells                   Type           Power      Damage    Failure   Level
 Beastly Appendage        Tmut           24%        N/A       16%         1
 Sting                    Tmut/Pois      28%        1d4       32%         1
 Spider Form              Tmut/Pois      7%         N/A       67%         3
 Poisonous Vapours        Pois/Air       4%         N/A       71%         2
 Gell's Gravitas          Tloc           2%         N/A       90%         3
 Lesser Beckoning         Tloc           2%         N/A       90%         3
 Teleport Other           Tloc           2%         N/A       90%         3
 Olgreb's Toxic Radiance  Pois           2%         N/A       100%        4


Dungeon Overview and Level Annotations

Branches:
Dungeon (6/15)
 Temple: D:4-7

Altars:
Dithmenos


Innate Abilities, Weirdness & Mutations

You have hoof-like feet.
You are partially covered in rugged brown scales. (AC +1, +3% HP)
Your demonic aura sometimes causes spilled blood to erupt in flames.
You sometimes gain a little power by taking damage.
You are agile. (Dex +4, Str/Int -1)
Your spells are a little harder to cast, but a little more powerful.


Message History

The sky beast is lightly wounded.
The sky beast closely misses you.
You completely miss the sky beast.
The sky beast is lightly wounded.
The sky beast barely misses you.
You hit the sky beast but do no damage.
The sky beast is lightly wounded.
The sky beast hits you. The sky beast shocks you.
You hit the sky beast but do no damage.
The sky beast is lightly wounded.
The sky beast hits you. The sky beast shocks you.
You miss the sky beast.
The sky beast is lightly wounded.
The sky beast hits you. The sky beast shocks you.
You barely miss the sky beast.
The sky beast is lightly wounded.
The sky beast hits you but does no damage.
You closely miss the sky beast.
The sky beast is lightly wounded.
The sky beast closely misses you.
You hit the sky beast.
The sky beast is moderately wounded.
The sky beast flickers out of sight!
Deactivating autopickup; reactivate with Ctrl-A.
Something hits you. Something shocks you.
You closely miss something. Something hits you.
* * * LOW HITPOINT WARNING * * *
Something shocks you.
* * * LOW HITPOINT WARNING * * *
You hit something. Something hits you.
* * * LOW HITPOINT WARNING * * *
Something shocks you.
* * * LOW HITPOINT WARNING * * *
A sky beast appears from thin air!
Reactivating autopickup.
You are confused.
You feel invigorated. The sky beast hits you.
* * * LOW HITPOINT WARNING * * *
The sky beast shocks you.
You die...

.. #. ####.#.#
#.###.#.#.####
#............#
+............#
##.#.........#
#.##........#
#.###.......#
#.###.......#
#####@..........#
#..§Y...#.#######
#.#.......# #
#.###.### #.# .#
... .# ##.# ##
#.# #.#


You could see a sky beast.

Vanquished Creatures
  A black bear (D:5)
  2 ogres (D:5)
  4 phantoms
  A scorpion (D:4)
  2 hounds (D:5)
  An orc priest (D:5)
  A jelly (D:5)
  An iguana (D:4)
  3 adders
  A white imp (D:5)
  2 ufetubi (D:5)
  2 worms
  A dart slug (D:2)
  3 orcs
  2 bats
  9 endoplasms
  3 giant cockroaches
  5 hobgoblins
  10 jackals
  5 quokkas
  10 ball pythons
  2 frilled lizards
  5 goblins
  6 kobolds
  4 rats
86 creatures vanquished.

Vanquished Creatures (others)
  3 withered plants (D:1)
3 creatures vanquished.

Grand Total: 89 creatures vanquished

Notes
Turn   | Place    | Note
-------+----------+-------------------------------------------
     0 | Abyss:1  | polve the Demonspawn Abyssal Knight began the quest for the
                  | Orb.
     0 | Abyss:1  | Reached XP level 1. HP: 18/18 MP: 2/2
     0 | D:1      | Escaped the Abyss
    55 | D:1      | Reached skill level 2 in Axes
   375 | D:1      | Found a faded altar of an unknown god.
   386 | D:1      | Gained mutation: You have large cloven feet. [demonic
                  | ancestry]
   386 | D:1      | Reached XP level 2. HP: 24/24 MP: 3/3
  1204 | D:1      | Reached skill level 3 in Axes
  1728 | D:2      | Reached XP level 3. HP: 24/29 MP: 4/4
  2260 | D:2      | Reached *** piety under Lugonu
  2600 | D:2      | Learned a level 2 spell: Wereblood
  2920 | D:3      | Gained mutation: Your demonic aura sometimes causes spilled
                  | blood to erupt in flames. [demonic ancestry]
  2920 | D:3      | Reached XP level 4. HP: 35/35 MP: 5/5
  2940 | D:3      | Reached skill level 4 in Axes
  3505 | D:4      | Noticed a phantom
  3507 | D:4      | Gained mutation: Your spells are a little harder to cast,
                  | but a little more powerful. [potion of mutation]
  3507 | D:4      | Gained mutation: You are agile. (Dex +4, Str/Int -1)
                  | [potion of mutation]
  3531 | D:4      | Killed a phantom
  3532 | D:4      | Gained mutation: You are partially covered in rugged brown
                  | scales. (AC +1, +3% HP) [demonic ancestry]
  3532 | D:4      | Reached XP level 5. HP: 24/42 MP: 6/6
  4044 | D:4      | Reached skill level 5 in Axes
  5015 | D:5      | Entered Level 5 of the Dungeon
  5015 | D:5      | Found a shadowy altar of Dithmenos.
  5021 | D:5      | Noticed a phantom
  5048 | D:4      | Killed a phantom
  5049 | D:4      | Reached skill level 6 in Axes
  5049 | D:4      | Gained mutation: You have hoof-like feet. [demonic
                  | ancestry]
  5049 | D:4      | Reached XP level 6. HP: 40/48 MP: 7/7
  5392 | D:5      | Reached skill level 1 in Spellcasting
  5392 | D:5      | Reached skill level 1 in Transmutations
  5517 | D:5      | HP: 2/48 [ogre/+0 giant spiked club (17)]
  6018 | D:6      | Noticed an ice beast
  6113 | D:5      | Gained mutation: You sometimes gain a little power by
                  | taking damage. [demonic ancestry]
  6113 | D:5      | Reached XP level 7. HP: 51/53 MP: 9/9
  6864 | D:5      | Reached **** piety under Lugonu
  7843 | D:6      | HP: 2/53 [something (6)]
  7846 | D:6      | Slain by a sky beast

Illustrated notes

Levels and vault maps discovered:
D:1:      shiori_arrival_elements, layout_basic,
          ebering_ecumenical_altar_petrified
D:2:      layout_loops_ring, dreamdust_princess_corridor, palyth_stone_intersect
D:3:      layout_basic
D:4:      layout_basic, minmay_cut_off
D:5:      layout_gridville, grunt_dithmenos_smoke, nicolae_titane
D:6:      layout_loops_corners, uniq_maggie

Skill      XL: |  1  2  3  4  5  6  7 |
---------------+----------------------+-----
Axes           | 2 3 4 6 |  6.2
Spellcasting   | 1 3 |  3.0
Transmutations | 1 4 |  4.0
Fighting       | |  3.0
Armour         | |  1.7
Dodging        | |  0.8
Invocations    | |  2.4

Action                   |  1- 3 |  4- 6 |  7- 9 || total
-------------------------+-------+-------+-------++-------
Melee: Hand axe          |   106 |   123 |   106 ||   335
       Kick              |    23 |       |       ||    23
       Punch             |     1 |       |     1 ||     2
Invok: Depart the Abyss  |     1 |       |       ||     1
       Bend Space        |       |     2 |     2 ||     4
  Use: Potion            |       |     8 |     1 ||     9
Armor: Leather armour    |    23 |       |       ||    23
       Ring mail         |    15 |    56 |    36 ||   107
Dodge: Dodged            |    50 |    74 |    57 ||   181

Table legend: (Time is in decaauts)
 A = Elapsed time spent in this place.
 B = Non-inter-level travel time spent in this place.
 C = Inter-level travel time spent in this place.
 D = Time resting spent in this place.
 E = Time spent auto-exploring this place.
 F = Levels seen in this place.
 G = Mean time per level.
                   A        B        C        D        E       F      G
               +--------+--------+--------+--------+--------+-----+--------+
         Total |   7850 |   7690 |    160 |      0 |   6778 |   7 | 1121.4 |
       Dungeon |   7850 |   7690 |    160 |      0 |   6778 |   6 | 1308.3 |
         Abyss |      0 |      0 |      0 |      0 |      0 |   1 |    0.0 |
               +--------+--------+--------+--------+--------+-----+--------+

Top non-repeatable levels by time:
     D:4: 2501 daAuts
     D:1: 1728 daAuts
     D:5: 1567 daAuts
     D:2: 916 daAuts
     D:3: 827 daAuts
     D:6: 308 daAuts
